 Dungeon Crawl Stone Soup version 0.23.2-1-ga50397a (webtiles) character file.

Game seed: 2120510928011426279

974 Lickle the Skirmisher (level 8, 0/73 HPs)
             Began as a Gargoyle Abyssal Knight on Apr 23, 2019.
             Was an Elder of Lugonu.
             Slain by an orc warrior
             ... wielding a +0 long sword
              (8 damage)
             ... on level 9 of the Dungeon.
             The game lasted 00:18:52 (6270 turns).

Lickle the Skirmisher (Gargoyle Abyssal Knight)     Turns: 6270, Time: 00:18:52

Health: 0/73       AC: 31    Str: 18    XL:     8   Next: 16%
Magic:  11/11      EV:  2    Int: 13    God:    Lugonu [****..]
Gold:   272        SH:  8    Dex:  9    Spells: 7/7 levels left

rFire    . . .     SeeInvis .   e - +3 mace (protect)
rCold    . . .     Gourm    .   f - +0 shield
rNeg     + + +     Faith    .   (armour currently unavailable)
rPois    ∞         Spirit   .   (helmet currently unavailable)
rElec    .         Reflect  .   (cloak currently unavailable)
rCorr    .         Harm     .   (gloves currently unavailable)
MR       .....     NoTele   +   (boots currently unavailable)
Stlth    +++.......             (no amulet)
HPRegen  0.22/turn              x - ring of stealth
MPRegen  0.12/turn              (no ring)

@: tree-form, protection aura
A: repulsion field 1, negative energy resistance 1, petrification resistance,
rot immunity, AC +5
a: Depart the Abyss, Bend Space, Banish, Corrupt, Renounce Religion


You were on level 9 of the Dungeon.
You worshipped Lugonu.
Lugonu was greatly pleased with you.
You were hungry.
You were a tree.
You visited 1 branch of the dungeon, and saw 7 of its levels.
You visited the Abyss 1 time.

You collected 272 gold pieces.

Inventory:

Hand Weapons
 a - a +1 whip of venom
 e - a +3 mace of protection (weapon)
Armour
 b - a +1 cloak (melded)
 d - a +2 hat (melded)
 f - a +0 shield (worn)
 l - a +2 leather armour of poison resistance (melded)
 o - a +0 pair of gloves (melded)
Jewellery
 p - an uncursed ring of stealth
 x - a ring of stealth (left branch)
Wands
 q - a wand of enslavement (11)
 u - a wand of flame (18)
Scrolls
 g - 4 scrolls of magic mapping
 h - 3 scrolls of teleportation
 i - a scroll of identify
 m - 4 scrolls of remove curse
 n - 4 scrolls of amnesia
 w - a scroll of immolation
Potions
 j - a potion of haste
 k - 2 potions of brilliance
 r - a potion of lignification
 t - 2 potions of flight
Comestibles
 c - 7 rations


   Skills:
 - Level 5.0 Fighting
 + Level 4.0 Maces & Flails
 + Level 4.1 Armour
 + Level 2.8 Dodging
 + Level 3.7 Stealth
 + Level 3.3 Shields
 + Level 4.3 Invocations


You had 7 spell levels left.
You didn't know any spells.
Your spell library was empty.

Dungeon Overview and Level Annotations

Branches:
Dungeon (6/15)             Temple (0/1) D:4             Orc (0/2) D:9

Altars:
Cheibriados
Dithmenos
Fedhas
Gozag
Hepliaklqana
Makhleb
Okawaru
Trog
Vehumet
Xom
The Shining One
Beogh


Innate Abilities, Weirdness & Mutations

You are resistant to torment.
((Your stone body is resilient. (AC +5)))
You are immune to poison.
You resist negative energy. (rN+)
((You are resistant to electric shocks. (rElec)))
((You can survive without breathing.))
You are immune to petrification.
You are immune to rotting.
You are surrounded by a mild repulsion field. (EV +2)
((Armour fits poorly on your strangely shaped body.))


Message History

The orc hits you but does no damage.
The orc warrior hits you but does no damage. x2
You hit the orc.
The orc is severely wounded.
You block the orc's attack.
The orc warrior hits you but does no damage. x2
The orc hits you but does no damage.
The orc warrior hits you but does no damage.
You barely miss the orc.
The orc is severely wounded.
You block the orc warrior's attack.
The orc priest looks braver for a moment.
The orc hits you but does no damage.
The orc warrior hits you but does no damage.
You sock the orc!
You kill the orc!
Lugonu accepts your kill.
The orc priest looks satisfied for a moment.
The orc warrior hits you with a +0 long sword!
You die...

#### ...####
...#..#
o..#..#
...#.)####
oo.#))'..#
###o###..##..#
#####8♣o.8#..#
..#
+............#
.#
#####..>..####
.. #.....# .
####..# ##+#


You could see 2 orc warriors, an orc priest and 2 orcs.

Vanquished Creatures
  A sky beast (D:6)
  An ogre (D:5)
  2 scorpions
  A crimson imp (D:6)
  A jelly (D:6)
  2 bullfrog zombies (D:5)
  Crazy Yiuf (D:3)
  An orc priest (D:6)
  4 orc wizards
  A bullfrog skeleton (D:5)
  An iguana (D:4)
  A worker ant (D:4)
  A hound skeleton (D:4)
  A howler monkey skeleton (D:4)
  A worker ant zombie (D:5)
  13 adders
  A shadow imp (D:5)
  An ooze (D:3)
  An adder zombie (D:5)
  3 worms
  2 dart slugs (D:2)
  7 leopard geckos
  22 orcs
  3 ball pythons
  9 giant cockroaches
  16 goblins
  7 hobgoblins
  4 jackals
  7 kobolds
  3 quokkas (D:3)
  9 bats
  11 frilled lizards
  2 leopard gecko skeletons
  A leopard gecko zombie (D:6)
  11 rats
153 creatures vanquished.

Notes
Turn   | Place    | Note
-------+----------+-------------------------------------------
     0 | Abyss:1  | Lickle the Gargoyle Abyssal Knight began the quest for the
                  | Orb.
     0 | Abyss:1  | Reached XP level 1. HP: 14/14 MP: 2/2
    29 | Abyss:1  | Found a corrupted altar of Lugonu.
    85 | Abyss:2  | Noticed a large abomination
    96 | D:1      | Escaped the Abyss
   121 | D:1      | Reached * piety under Lugonu
   153 | D:1      | Reached skill level 1 in Dodging
   153 | D:1      | Reached XP level 2. HP: 5/19 MP: 3/3
   905 | D:1      | Reached XP level 3. HP: 23/23 MP: 4/4
  1011 | D:1      | Reached ** piety under Lugonu
  1182 | D:2      | Reached skill level 1 in Stealth
  1341 | D:2      | Reached skill level 1 in Shields
  1341 | D:2      | Reached XP level 4. HP: 17/29 MP: 5/5
  2263 | D:2      | Reached XP level 5. HP: 33/33 MP: 7/7
  2460 | D:3      | Gained mutation: Armour fits poorly on your strangely
                  | shaped body. [potion of mutation]
  2460 | D:3      | Gained mutation: You are surrounded by a mild repulsion
                  | field. (EV +2) [potion of mutation]
  2505 | D:3      | Found a glowing golden altar of the Shining One.
  2814 | D:3      | Reached skill level 4 in Fighting
  3096 | D:3      | Reached *** piety under Lugonu
  3252 | D:3      | Found a runed translucent door.
  3253 | D:3      | Noticed Crazy Yiuf
  3310 | D:3      | Killed Crazy Yiuf
  3351 | D:4      | Found a blossoming altar of Fedhas.
  3381 | D:4      | Noticed a phantom
  3501 | D:4      | Reached XP level 6. HP: 33/38 MP: 8/8
  3573 | D:4      | Found an iron altar of Okawaru.
  3573 | D:4      | Found a hazy altar of Hepliaklqana.
  3574 | D:4      | Found a snail-covered altar of Cheibriados.
  3609 | D:4      | Found a staircase to the Ecumenical Temple.
  3682 | D:4      | Found a burning altar of Makhleb.
  3682 | D:4      | Noticed a balrug
  3688 | D:4      | Noticed a ynoxinul
  3688 | D:4      | Noticed an orange demon
  3733 | D:4      | Found a shimmering altar of Xom.
  3797 | D:4      | Found a bloodstained altar of Trog.
  4285 | D:5      | Entered Level 5 of the Dungeon
  4349 | D:5      | Reached XP level 7. HP: 40/44 MP: 9/9
  4386 | D:5      | HP: 2/44 [something/puff of frost (2)]
  4665 | D:5      | Reached **** piety under Lugonu
  4783 | D:5      | Found a glowing drain.
  5433 | D:5      | Found a shadowy altar of Dithmenos.
  5493 | D:5      | Found an opulent altar of Gozag.
  5935 | D:6      | Found a radiant altar of Vehumet.
  6026 | D:6      | Reached skill level 5 in Fighting
  6026 | D:6      | Reached XP level 8. HP: 26/49 MP: 11/11
  6202 | D:6      | You fall through a shaft for 3 floors!
  6236 | D:9      | Found a staircase to the Orcish Mines.
  6247 | D:9      | Found a roughly hewn altar of Beogh.
  6270 | D:9      | Slain by an orc warrior

Skill      XL: |  1  2  3  4  5  6  7  8 |
---------------+-------------------------+-----
Dodging        | 1 2 |  2.8
Stealth        | 1 2 3 |  3.7
Shields        | 1 2 3 |  3.3
Fighting       | 4 5 |  5.0
Invocations    | 3 4 |  4.3
Armour         | 3 4 |  4.1
Maces & Flails | 3 4 |  4.0

Action                   |  1- 3 |  4- 6 |  7- 9 || total
-------------------------+-------+-------+-------++-------
Melee: Mace              |   120 |   323 |   261 ||   704
Invok: Depart the Abyss  |     1 |       |       ||     1
  Use: Potion            |     5 |     2 |     5 ||    12
       Scroll            |     5 |    14 |     5 ||    24
 Stab: Sleeping          |       |     5 |     2 ||     7
       Fleeing           |       |     1 |       ||     1
  Eat: Chunk             |     1 |     5 |     5 ||    11
       Ration            |       |     2 |       ||     2
Armor: Leather armour    |    71 |   182 |   182 ||   435
       Skin              |       |       |    63 ||    63
Dodge: Dodged            |    82 |   189 |   143 ||   414
Block: Buckler           |    15 |     9 |       ||    24
       Shield            |       |   116 |   187 ||   303
